 Dungeon Crawl Stone Soup version 0.30.1-11-g7821555f0a (webtiles) character file.

Game seed: 15657855317009309569

38 H0rd4k the Charlatan (level 3, 0/26 HPs)
             Began as a Human Artificer on Nov 10, 2023.
             Succumbed to an adder's poison
             ... on level 2 of the Dungeon.
             The game lasted 00:01:02 (660 turns).

H0rd4k the Charlatan (Human Artificer)               Turns: 660, Time: 00:01:03

Health: 0/26       AC:  3    Str: 12    XL:     3   Next: 65%
Magic:  3/3        EV: 11    Int: 13    God:
Gold:   46         SH:  0    Dex: 13    Spells: 2/2 levels left

rFire   . . .        l - +1 mace (heavy)
rCold   . . .        (no shield)
rNeg    . . .        b - +0 leather armour
rPois   .            (no helmet)
rElec   .            (no cloak)
rCorr   .            (no gloves)
SInv    .            (no boots)
Will    .....        (no amulet)
Stlth   +            (no ring)
HPRegen 0.24/turn    (no ring)
MPRegen 0.08/turn

%: no passive effects
@: lethally poisoned (0 -> 0)
A: no striking features
a: no special abilities


You were on level 2 of the Dungeon.
You visited 1 branch of the dungeon, and saw 2 of its levels.

You collected 46 gold pieces.

Inventory:

Hand Weapons
 l - a +1 heavy mace (weapon)
Armour
 b - a +0 leather armour (worn)
Magical Staves
 i - a staff of air
Wands
 c - a wand of flame (5) (quivered)
 d - a wand of charming (15)
 e - a wand of iceblast (5)
Scrolls
 f - 2 scrolls of enchant armour {unknown}
 g - a scroll of poison {unknown}
 h - a scroll of identify {unknown}
Potions
 j - a potion of heal wounds {unknown}


   Skills:
 + Level 1.1 Fighting
 + Level 1.0 Maces & Flails
 - Level 2.0 Armour
 + Level 1.5 Dodging
 - Level 1.0 Stealth
 + Level 3.9 Evocations


You had 2 spell levels left.
You didn't know any spells.
Your spell library was empty.

Dungeon Overview and Level Annotations

Branches:
Dungeon (2/15)

Altars:


Message History

The adder bites you but does no damage. The adder bites you.
An adder is nearby!
You miss the adder. The adder bites you. The adder barely misses you.
An adder is nearby!
You hit the adder.
The adder is moderately wounded.
The adder bites you.
You are poisoned.
The adder poisons you! The adder closely misses you. The adder bites you.
An adder is nearby!
You are too injured to fight recklessly!
An adder is nearby!
You are too injured to fight recklessly!
An adder is nearby!
You are too injured to fight recklessly!
An adder is nearby!
You are too injured to fight recklessly!
You barely miss the adder.
The adder is moderately wounded.
You feel very sick. The adder bites you but does no damage.
The adder bites you.
* * * LOW HITPOINT WARNING * * *
The adder bites you but does no damage.
Aiming: Throw Flame
Press: ? - help, Shift-Dir - straight line, f - adder
Aim: an adder (moderately wounded, 53% to hit)
The puff of flame hits the adder.
The adder is almost dead.
* * * LOW HITPOINT WARNING * * *
You feel sick. The adder barely misses you.
Aiming: Throw Flame
Press: ? - help, Shift-Dir - straight line, f/p - adder
Aim: an adder (almost dead, 53% to hit)
The puff of flame hits the adder.
You kill the adder!
* * * LOW HITPOINT WARNING * * *
You feel sick.
Your Maces & Flails skill increases to level 1!
It was a potion of magic.
Magic courses through your body.
You die...

#. #?## ...#
#..# ###..## ##
####..... ..
.....#.†##.###.
♣PP...@.......
♣♣..P†)##..#..
♣P..##.# .#
..P#.##.##..#..
P. #.^..>......
. #####.##..#.#
#...........#
#.##.#.#..###
#.##.#.###...#


There were no monsters in sight!

Vanquished Creatures
  An adder (D:2)
  2 dart slugs
  3 bats (D:1)
  A giant cockroach (D:1)
  2 goblins
  6 hobgoblins (D:1)
  A kobold (D:1)
  A quokka (D:1)
  2 ball pythons (D:1)
  A frilled lizard (D:1)
  3 rats (D:1)
23 creatures vanquished.

Notes
Turn   | Place    | Note
-------+----------+-------------------------------------------
     0 | D:1      | H0rd4k the Human Artificer began the quest for the Orb.
     0 | D:1      | Reached XP level 1. HP: 15/15 MP: 1/1
   141 | D:1      | Reached XP level 2. HP: 21/21 MP: 2/2
   367 | D:1      | Reached XP level 3. HP: 26/26 MP: 3/3
   659 | D:2      | HP: 1/26 [poisoned by an adder]
   660 | D:2      | Reached skill level 1 in Maces & Flails
   660 | D:2      | Succumbed to an adder's poison

Illustrated notes

Levels and vault maps discovered:
D:1:      nzn_arrival_water_spiral, layout_rooms, minmay_misc_feat_columns
D:2:      layout_loops_ring, serial_forest, infiniplex_forest_clump_curved,
          infiniplex_forest_straight_2, infiniplex_forest_lined_3,
          infiniplex_forest_clump_small, infiniplex_forest_clump_small,
          shapermc_ecumenical_altar_totnotflames

Skill      XL: |  1  2  3 |
---------------+----------+-----
Maces & Flails | 1 |  1.0
Fighting       | |  1.1
Armour         | |  2.0
Dodging        | |  1.5
Stealth        | |  1.0
Evocations     | |  3.9

Action                     || total
---------------------------++-------
  Melee: Club              ||    81
         Punch             ||     1
         Mace              ||    11
  Evoke: Wand              ||    10
    Use: Potion            ||     1
   Stab: Sleeping          ||     1
 Armour: Leather armour    ||    33
  Dodge: Dodged            ||    91
